 Dungeon Crawl Stone Soup version 0.28-a0-620-g539b0f7ac7 (webtiles) character file.

Game seed: 2042897602599546773

126 siradein the Ducker (level 4, -3/39 HPs)
             Began as a Deep Dwarf Transmuter on Oct 6, 2021.
             Slain by a water moccasin (4 damage)
             ... on level 3 of the Dungeon.
             The game lasted 00:04:44 (2670 turns).

siradein the Ducker (Deep Dwarf Transmuter)         Turns: 2670, Time: 00:04:44

Health: -3/39      AC:  3    Str: 14    XL:     4   Next: 83%
Magic:  5/7        EV: 13    Int: 14    God:
Gold:   138        SH:  0    Dex: 13    Spells: 5/8 levels left

rFire   + . .      SeeInvis .   l - +0 war axe
rCold   . . .      Faith    .   (no shield)
rNeg    . . .      Spirit   .   a - +1 robe
rPois   .          Reflect  .   (no helmet)
rElec   .          Harm     .   (no cloak)
rCorr   .          Rampage  .   (no gloves)
Will    .....                   (no boots)
Stlth   +.........              (no amulet)
HPRegen 0.00/turn               h - ring of protection from fire
MPRegen 0.10/turn               (no ring)

@: lethally poisoned (-3 -> -3)
A: damage resistance, heal wounds, sense surroundings 1, no regeneration
a: Heal Wounds


You were on level 3 of the Dungeon.
You visited 1 branch of the dungeon, and saw 4 of its levels.

You collected 138 gold pieces.

Inventory:

Hand Weapons
 l - a +0 war axe (weapon)
Armour
 a - a +1 robe (worn)
Jewellery
 h - a ring of protection from fire (left hand)
Wands
 q - a wand of polymorph (8)
Scrolls
 b - a scroll of summoning {unknown}
 c - a scroll of silence {unknown}
 g - a scroll of enchant weapon {unknown}
 j - a scroll of immolation {unknown}
 k - a scroll of teleportation {unknown}
 m - a scroll of enchant armour
 p - a scroll of amnesia
Potions
 d - a potion of brilliance {unknown}
 e - a potion of lignification {unknown}
 f - 2 potions of flight
 n - a potion of curing {unknown}
 o - a potion of cancellation {unknown}
 r - a potion of might {unknown}


   Skills:
 + Level 2.1 Fighting
 + Level 0.0 Axes
 + Level 3.3 Dodging
 - Level 2.6 Unarmed Combat
 + Level 2.6 Spellcasting
 + Level 2.7 Transmutations


You had 5 spell levels left.
You knew the following spells:

 Your Spells              Type           Power      Damage    Failure   Level
a - Beastly Appendage     Tmut           18%        N/A       8%          1
b - Wereblood             Tmut           9%         N/A       11%         2

Your spell library contained the following spells:

 Spells                   Type           Power      Damage    Failure   Level
 Passwall                 Tmut/Erth      4%         N/A       19%         2
 Sandblast                Erth           2%         2d4       22%         1
 Summon Small Mammal      Summ           4%         N/A       22%         1
 Spider Form              Tmut/Pois      2%         N/A       36%         3
 Call Canine Familiar     Summ           1%         N/A       56%         3
 Frozen Ramparts          Ice            2%         1d2       56%         3
 Stone Arrow              Conj/Erth      2%         3d7       56%         3
 Summon Guardian Golem    Hex/Summ       1%         N/A       56%         3
 Ice Form                 Ice/Tmut       5%         N/A       77%         4
 Summon Ice Beast         Ice/Summ       1%         N/A       92%         4


Dungeon Overview and Level Annotations

Branches:
Dungeon (4/15)
 Temple: D:4-7

Altars:
Dithmenos

Shops:
D:2 [

Annotations:
D:4 3 runed translucent doors, SirDiesAlot's ghost, weakling MiDe


Innate Abilities, Weirdness & Mutations

You are resistant to damage.
You can heal yourself by infusing magical energy.
You passively map a small area around you.
You do not regenerate.


Message History

The water moccasin bites you but does no damage.
You closely miss the water moccasin. Your kick misses the water moccasin.
Your horns disappear.
Your talons disappear.
The water moccasin bites you. The water moccasin misses you.
You closely miss the water moccasin.
The water moccasin bites you but does no damage.
The water moccasin misses you.
You barely miss the water moccasin.
The water moccasin barely misses you. x2
You closely miss the water moccasin. The water moccasin bites you.
The water moccasin barely misses you.
You miss the water moccasin.
Your primal bloodlust is almost over.
The water moccasin bites you. x2
You are poisoned.
The water moccasin poisons you! The water moccasin closely misses you.
You hit the water moccasin.
The water moccasin is lightly wounded.
The water moccasin bites you!
* * * LOW HITPOINT WARNING * * *
The water moccasin bites you.
* * * LOW HITPOINT WARNING * * *
You are more poisoned.
The water moccasin poisons you!
You barely miss the water moccasin.
The water moccasin is lightly wounded.
The water moccasin closely misses you. x2
You hit the water moccasin.
The water moccasin is lightly wounded.
The water moccasin barely misses you. The water moccasin closely misses you.
You barely miss the water moccasin.
The water moccasin is lightly wounded.
Your primal bloodlust has ended.
The water moccasin bites you.
* * * LOW HITPOINT WARNING * * *
You are more poisoned.
The water moccasin poisons you! The water moccasin misses you.
You hit the water moccasin but do no damage.
The water moccasin is lightly wounded.
The water moccasin barely misses you. The water moccasin bites you.
You die...

##.#....#.....†.....###..........
........##...##..................
........#8...8#..................
....#...##...##..................
......#.##(..##..................
#.#.######...##...............###
#.#.# 8...⌠#...............#
#.### ####...##.S.............#
#.#8###8##...##.@.........#####
#............##..........####
.......(.....8#..........#♣.♣♣#
.............##...#..<..##....###
.##8###8###8###..........#♣♣..'.#
.########## ###..........#.♣.♣#.#
..........# #...........#♣.♣♣#.#
.........## #...........######.#
........## #.......<.......##..


You could see a water moccasin.

Vanquished Creatures
  A scorpion (D:2)
  3 adders
  A worm (D:3)
  6 ball pythons
  A bat (D:2)
  6 endoplasms
  4 goblins
  2 hobgoblins (D:2)
  2 jackals (D:1)
  2 kobolds
  2 quokkas
  A frilled lizard (D:3)
  4 rats
35 creatures vanquished.

Notes
Turn   | Place    | Note
-------+----------+-------------------------------------------
     0 | D:1      | siradein the Deep Dwarf Transmuter began the quest for the
                  | Orb.
     0 | D:1      | Reached XP level 1. HP: 16/16 MP: 3/3
    30 | D:1      | Reached skill level 1 in Fighting
   321 | D:1      | Reached XP level 2. HP: 20/25 MP: 3/5
   324 | D:1      | Learned a level 2 spell: Wereblood
  1122 | D:2      | Noticed a scorpion
  1135 | D:2      | Killed a scorpion
  1136 | D:2      | Reached skill level 3 in Dodging
  1136 | D:2      | Reached XP level 3. HP: 7/32 MP: 3/6
  1136 | D:2      | Reached XP level 4. HP: 8/39 MP: 3/7
  1711 | D:2      | Found Rait's Antique Armour Shop.
  1808 | D:2      | Found a faded altar of an unknown god.
  1875 | D:3      | Found a shadowy altar of Dithmenos.
  2630 | D:4      | Found a runed translucent gate.
  2631 | D:4      | Found a runed translucent gate.
  2631 | D:4      | Noticed SirDiesAlot's ghost (weakling MiDe)
  2632 | D:4      | Found a runed translucent gate.
  2647 | D:4      | Noticed a water moccasin
  2669 | D:3      | HP: 1/39 [water moccasin (5)]
  2670 | D:3      | Slain by a water moccasin

Illustrated notes

Levels and vault maps discovered:
D:1:      wander_arrival_desolate, layout_basic, minivault_5
D:2:      layout_basic, ebering_ecumenical_altar_abandoned, serial_shops,
          nicolae_lakefront_shop
D:3:      layout_rooms, mainiacjoe_overflow_boulevard, chequers_arboretum,
          serial_bayou_pond_c, minmay_misc_feat_roman, corexii_hall_statues_l,
          minmay_door_square
D:4:      gammafunk_ghost_split, layout_cave_pools, zin_academy,
          general_overflow_altar, st_stairs_3, minmay_stone_trees_medium,
          uniq_pikel

Skill      XL: |  1  2  3  4 |
---------------+-------------+-----
Fighting       | 1 2 |  2.1
Transmutations | 2 |  2.7
Spellcasting   | 2 |  2.6
Dodging        | 3 |  3.3
Unarmed Combat | |  2.6

Action                   |  1- 3 |  4- 6 || total
-------------------------+-------+-------++-------
Melee: Unarmed           |    32 |     5 ||    37
       Kick              |     6 |    18 ||    24
       Headbutt          |     4 |     8 ||    12
       Dagger            |       |    60 ||    60
       War axe           |       |    16 ||    16
 Cast: Beastly Appendage |    10 |    18 ||    28
       Wereblood         |     3 |    20 ||    23
  Use: Scroll            |       |     3 ||     3
 Stab: Sleeping          |       |     1 ||     1
Armor: Robe              |     3 |    12 ||    15
Dodge: Dodged            |    16 |    50 ||    66

Table legend: (Time is in decaauts)
 A = Elapsed time spent in this place.
 B = Non-inter-level travel time spent in this place.
 C = Inter-level travel time spent in this place.
 D = Time resting spent in this place.
 E = Time spent auto-exploring this place.
 F = Levels seen in this place.
 G = Mean time per level.
                   A        B        C        D        E       F      G
               +--------+--------+--------+--------+--------+-----+--------+
         Total |   2681 |   2626 |     55 |      4 |   2252 |   4 |  670.2 |
       Dungeon |   2681 |   2626 |     55 |      4 |   2252 |   4 |  670.2 |
               +--------+--------+--------+--------+--------+-----+--------+

Top non-repeatable levels by time:
     D:1: 1038 daAuts
     D:2: 833 daAuts
     D:3: 779 daAuts
     D:4: 30 daAuts
